 Dungeon Crawl Stone Soup version 0.27-a0-1140-g099f9bb0e8 (webtiles) character file.

Game seed: 290947580041536154

2292 Ars06 the Stinger (level 9, -1/57 HPs)
             Began as a Formicid Venom Mage on May 10, 2021.
             Slain by a wyvern skeleton (2 damage)
             ... on level 6 of the Dungeon.
             The game lasted 00:35:27 (11873 turns).

Ars06 the Stinger (Formicid Venom Mage)            Turns: 11873, Time: 00:35:28

Health: -1/57      AC:  4    Str: 12    XL:     9   Next: 67%
Magic:  16/20      EV: 13    Int: 19    God:
Gold:   251        SH:  0    Dex: 11    Spells: 12/23 levels left

rFire    . . .     SeeInvis +   (no weapon)
rCold    . . .     Faith    .   (no shield)
rNeg     . . .     Spirit   .   a - +0 robe
rPois    .         Reflect  .   (helmet unavailable)
rElec    .         Harm     .   f - +0 cloak
rCorr    .         Rampage  .   (no gloves)
Will     .....                  k - +0 pair of boots
Stlth    ++........             (no amulet)
HPRegen  0.19/turn              (no ring)
MPRegen  0.17/turn              (no ring)

@: no status effects
A: permanent stasis, dig shafts and tunnels, antennae 3, four strong arms
a: Dig, Shaft Self


You were on level 6 of the Dungeon.
You visited 1 branch of the dungeon, and saw 6 of its levels.

You collected 251 gold pieces.

Inventory:

Armour
 a - a +0 robe (worn)
 f - a +0 cloak (worn)
 k - a +0 pair of boots (worn)
Jewellery
 n - an amulet of magic regeneration
 u - a ring of magical power
Wands
 j - a wand of flame (13)
 w - a wand of acid (6)
Scrolls
 c - a scroll of amnesia {unknown}
 e - 8 scrolls of identify {unknown}
 g - 2 scrolls of immolation {unknown}
 h - 2 scrolls of magic mapping {unknown}
 m - a scroll of teleportation {unknown}
 o - a scroll of acquirement {unknown}
 p - a scroll of fear {unknown}
 q - a scroll of fog {unknown}
 r - a scroll of enchant armour {unknown}
 t - a scroll of noise {unknown}
 x - a scroll of torment {unknown}
Potions
 b - a potion of might {unknown}
 d - 2 potions of curing {unknown}
 i - a potion of attraction {unknown}
 l - 2 potions of invisibility {unknown}
 s - a potion of degeneration {unknown}
 v - a potion of resistance {unknown}
 z - a potion of heal wounds {unknown}
 A - a potion of cancellation {unknown}
 B - a potion of magic {unknown}
 C - 2 potions of haste {unknown}
 D - a potion of mutation {unknown}
 E - a potion of brilliance {unknown}


   Skills:
 + Level 4.8 Dodging
 - Level 2.4 Stealth
 * Level 7.5 Spellcasting
 + Level 4.1 Conjurations
 - Level 1.8 Transmutations
 + Level 4.5 Fire Magic
 + Level 7.7 Poison Magic


You had 12 spell levels left.
You knew the following spells:

 Your Spells              Type           Power      Damage    Failure   Level
a - Sting                 Tmut/Pois      100%       1d8       1%          1
b - Poisonous Vapours     Pois/Air       42%        N/A       3%          2
c - Olgreb's Toxic Radia  Pois           36%        N/A       4%          4
d - Ignite Poison         Fire/Tmut/Pois 25%        N/A       4%          3
e - Shock                 Conj/Air       60%        1d6       4%          1

Your spell library contained the following spells:

 Spells                   Type           Power      Damage    Failure   Level
 Mephitic Cloud           Conj/Pois/Air  22%        N/A       5%          3
 Static Discharge         Conj/Air       15%        N/A       6%          2
 Airstrike                Air            3%         N/A       67%         4
 Lightning Bolt           Conj/Air       7%         1d20      75%         5
 Swiftness                Air            Unusable   N/A       N/A         3

Dungeon Overview and Level Annotations

Branches:
Dungeon (6/15)
 Temple: D:4-7

Altars:
Yredelemnul

Shops:
D:1 !   D:5 ?*

Annotations:
D:3 1 runed translucent door, fly's ghost, amateur OpIE


Innate Abilities, Weirdness & Mutations

You cannot be hasted, slowed, berserked, paralysed or teleported.
You can dig through walls and to a lower floor.
You have a pair of large antennae on your head. (SInv)
Your four strong arms can wield two-handed weapons with a shield.


Message History

The orc is moderately wounded.
The orc misses you.
The sting hits the orc but does no damage.
The orc looks even sicker.
The orc is heavily wounded.
The orc closely misses you.
The sting misses the orc.
The orc barely misses you.
You kill the orc!
The wyvern skeleton bites you!
There is a stone staircase leading down here.
Things that are here:
a +0 short sword; an orc corpse The wyvern skeleton closely misses you.
A steam dragon comes into view.
The steam dragon hisses angrily.
Casting: Sting (safe; 1% risk of failure)
Confirm with . or Enter, or press ? or * to list all spells.
Aiming: Shock (safe; 4% risk of failure)
Press: ? - help, Shift-Dir - straight line, f - wyvern skeleton
Aim: a wyvern skeleton (98% to hit)
The zap hits the wyvern skeleton.
The wyvern skeleton is lightly damaged.
The wyvern skeleton bites you! The wyvern skeleton bites you.
Casting: Shock (safe; 4% risk of failure)
Confirm with . or Enter, or press ? or * to list all spells.
Aiming: Shock (safe; 4% risk of failure)
Press: ? - help, Shift-Dir - straight line, f/p - wyvern skeleton
Aim: a wyvern skeleton (lightly damaged, 98% to hit)
The zap hits the wyvern skeleton.
The wyvern skeleton is moderately damaged.
The steam dragon breathes steam at you. The ball of steam hits you!
* * * LOW HITPOINT WARNING * * *
The wyvern skeleton bites you.
* * * LOW HITPOINT WARNING * * *
You are engulfed in a cloud of scalding steam.
* * * LOW HITPOINT WARNING * * *
The wyvern skeleton is engulfed in a cloud of scalding steam.
The wyvern skeleton bites you.
You die...

#..#.####..(....#
#.......#.......#
.....##.##..?.......
#### #.............
#.............
#.#.#.##...###
##.##.## ...# .. P.#
#§§Z### ...#
##.###.# #§§@# ##.#
. .P.P.#.# #§§## ##
#. #...#.# #D§#
[.##..#.# #§.#
......#####D.#
#.##........#
#####...........# {
.......#...)....#
#####.########..#


You could see a steam dragon (catching breath) and a wyvern skeleton.

Vanquished Creatures
  Grinder (D:5)
  2 black bears (D:5)
  An orc warrior (D:5)
  3 necrophages
  2 ogres
  A centaur (D:6)
  A bullfrog (D:6)
  A gnoll sergeant (D:6)
  A wyvern zombie (D:4)
  2 scorpions
  A howler monkey (D:5)
  8 electric eels
  A bullfrog zombie (D:6)
  4 hounds
  A jelly (D:4)
  An orc priest (D:5)
  4 iguanas
  An orc wizard (D:4)
  2 hound skeletons
  15 gnolls
  4 adders
  A shadow imp (D:6)
  A white imp (D:5)
  An adder skeleton (D:4)
  3 worms (D:3)
  2 dart slugs
  19 orcs
  7 bats
  4 endoplasms
  2 giant cockroaches
  4 goblins
  10 hobgoblins
  13 jackals
  6 kobolds
  4 quokkas
  8 ball pythons
  3 rats
145 creatures vanquished.

Vanquished Creatures (others)
  3 demonic plants (D:2)
  5 fungi (D:2)
  6 plants
  3 withered plants (D:2)
17 creatures vanquished.

Grand Total: 162 creatures vanquished

Notes
Turn   | Place    | Note
-------+----------+-------------------------------------------
     0 | D:1      | Ars06 the Formicid Venom Mage began the quest for the Orb.
     0 | D:1      | Reached XP level 1. HP: 13/13 MP: 3/3
    56 | D:1      | Found Fuabruz's Distillery.
    62 | D:1      | Reached XP level 2. HP: 15/19 MP: 1/5
   569 | D:1      | Reached XP level 3. HP: 24/24 MP: 0/7
   734 | D:1      | Learned a level 2 spell: Poisonous Vapours
  1442 | D:2      | Reached XP level 4. HP: 30/30 MP: 5/8
  1567 | D:2      | Found a faded altar of an unknown god.
  2447 | D:3      | Reached XP level 5. HP: 34/35 MP: 6/10
  2536 | D:3      | Found a transporter.
  2740 | D:3      | Found a transporter.
  2749 | D:3      | Learned a level 4 spell: Olgreb's Toxic Radiance
  2753 | D:3      | Learned a level 3 spell: Ignite Poison
  2773 | D:3      | Reached skill level 1 in Conjurations
  2773 | D:3      | Reached skill level 1 in Fire Magic
  2836 | D:3      | Reached skill level 5 in Poison Magic
  2836 | D:3      | Reached XP level 6. HP: 41/41 MP: 5/11
  3118 | D:3      | Found a basalt altar of Yredelemnul.
  3521 | D:3      | Found a runed translucent door.
  3526 | D:3      | Noticed fly's ghost (amateur OpIE)
  4735 | D:4      | Reached XP level 7. HP: 32/46 MP: 8/13
  6734 | D:4      | Reached skill level 5 in Spellcasting
  7152 | D:5      | Entered Level 5 of the Dungeon
  7152 | D:5      | Found Gosojer's Elemental Accessories.
  7406 | D:5      | Noticed Grinder
  7414 | D:5      | Killed Grinder
  7415 | D:5      | Reached XP level 8. HP: 41/52 MP: 3/16
  8420 | D:5      | Found Jepsah's Magic Scroll Shoppe.
  9258 | D:5      | Reached XP level 9. HP: 43/57 MP: 11/18
 10523 | D:4      | Learned a level 1 spell: Shock
 11873 | D:6      | HP: 1/57 [something] (10)]
 11873 | D:6      | Slain by a wyvern skeleton

Illustrated notes

Levels and vault maps discovered:
D:1:      co_arrival_square_in_a_square_in_a_square, layout_rooms, serial_shops,
          shop, minmay_three_crescents
D:2:      layout_basic, shapermc_ecumenical_altar_gd
D:3:      gammafunk_steamed_eel, layout_loops_cross, lemuel_doored_altar,
          ebering_ghost_reflecting_pool, kennysheep_nub
D:4:      layout_loops_ring, kennysheep_small_circle
D:5:      cheibrodos_two_vegetables, layout_basic, serial_shops,
          nicolae_shop_behind_doors, nicolae_elemental_shop, interstate_on_off,
          uniq_grinder
D:6:      minmay_chambers_of_threes, layout_loops_cross,
          minmay_temple_entry_gardened_gates

Skill      XL: |  1  2  3  4  5  6  7  8  9 |
---------------+----------------------------+-----
Dodging        | 2 3 4 |  4.8
Spellcasting   | 3 4 5 6 7 |  7.5
Conjurations   | 1 2 3 4 |  4.1
Fire Magic     | 1 2 3 4 |  4.5
Poison Magic   | 5 6 7 |  7.7
Stealth        | |  2.4
Transmutations | |  1.8

Action                   |  1- 3 |  4- 6 |  7- 9 || total
-------------------------+-------+-------+-------++-------
Melee: Unarmed           |       |       |    42 ||    42
 Cast: Sting             |    55 |   126 |   228 ||   409
       Poisonous Vapours |     4 |     3 |    13 ||    20
       Ignite Poison     |       |     2 |    11 ||    13
       Olgreb's Toxic Ra |       |     1 |     7 ||     8
       Shock             |       |       |    39 ||    39
 Abil: Dig               |       |       |     4 ||     4
Armor: Robe              |     1 |    14 |    54 ||    69
Dodge: Dodged            |    19 |    61 |   162 ||   242

Table legend: (Time is in decaauts)
 A = Elapsed time spent in this place.
 B = Non-inter-level travel time spent in this place.
 C = Inter-level travel time spent in this place.
 D = Time resting spent in this place.
 E = Time spent auto-exploring this place.
 F = Levels seen in this place.
 G = Mean time per level.
                   A        B        C        D        E       F      G
               +--------+--------+--------+--------+--------+-----+--------+
         Total |  11930 |  11035 |    895 |      0 |   9018 |   6 | 1988.3 |
       Dungeon |  11930 |  11035 |    895 |      0 |   9018 |   6 | 1988.3 |
               +--------+--------+--------+--------+--------+-----+--------+

Top non-repeatable levels by time:
     D:5: 3406 daAuts
     D:3: 2740 daAuts
     D:4: 2254 daAuts
     D:2: 1735 daAuts
     D:1: 1065 daAuts
     D:6: 727 daAuts
